 Dungeon Crawl Stone Soup version 0.21-a0-417-g0adc95b (webtiles) character file.

32 Ijustatesigmund the Sneak (level 3, -2/24 HPs)
             Began as an Octopode Assassin on Nov 3, 2017.
             Killed by nerve-wracking pain
             ... invoked by Jessica
              (11 damage)
             ... on level 2 of the Dungeon.
             The game lasted 00:01:45 (1070 turns).

Ijustatesigmund the Sneak (Octopode Assassin)       Turns: 1070, Time: 00:01:46

Health: -2/24      AC:  1    Str: 10    XL:     3   Next: 27%
Magic:  3/3        EV: 19    Int: 13    God:
Gold:   78         SH:  0    Dex: 19    Spells: 2/2 levels left

rFire    . . .     SeeInvis .   a - +2 dagger
rCold    . . .     Gourm    .   (no shield)
rNeg     . . .     Faith    .   (helmet restricted)
rPois    .         Spirit   .   (no amulet)
rElec    .         Reflect  .   (no ring)
rCorr    .         Harm     .   (no ring)
MR       .....                  (no ring)
Stlth    +++++.....             (no ring)
HPRegen  0.08/turn              (no ring)
MPRegen  0.08/turn              (no ring)
                                (no ring)
                                (no ring)

@: agile, hasted, very quick
A: almost no armour, stealthy swim, amphibious, 8 rings, constrict 8, camouflage
1, gelatinous body 1
a: no special abilities


You were on level 2 of the Dungeon.
You were not hungry.

You visited 1 branch of the dungeon, and saw 2 of its levels.

You collected 78 gold pieces.

Inventory:

Hand Weapons
 a - a +2 dagger (weapon)
 b - a +0 blowgun
Missiles
 c - 14 poisoned needles
 d - 2 curare-tipped needles
Jewellery
 h - an uncursed ring of ice
Scrolls
 j - a scroll of identify
 m - a scroll of fog {unknown}
Potions
 k - a potion of ambrosia {unknown}
Comestibles
 f - a bread ration
 g - 3 meat rations
 i - a royal jelly


   Skills:
 - Level 2.0 Fighting
 - Level 2.0 Short Blades
 - Level 2.0 Throwing
 + Level 2.2 Dodging
 + Level 6.1 Stealth


You had 2 spell levels left.
You didn't know any spells.

Dungeon Overview and Level Annotations

Branches:
Dungeon (2/15)

Altars:

Annotations:
D:2 Jessica


Innate Abilities, Weirdness & Mutations

You cannot wear most types of armour.
You are very stealthy in the water. (Stealth+)
You are amphibious.
You can wear up to eight rings at the same time.
You can use your tentacles to constrict eight enemies at once.
Your skin changes colour to match your surroundings (Stealth+).
Your rubbery body absorbs attacks. (AC +1, EV +1)


Message History

You hit Jessica. You grab Jessica. You squeeze Jessica, but do no damage.
Jessica is moderately wounded.
You constrict Jessica, but do no damage.
The bat misses you.
Jessica shouts, "You're disturbing me!
I'll have to kill you!" Jessica hits you but does no damage.
You release your grip on Jessica.
A rat comes into view.
The bat misses you.
A bat comes into view.
The bat barely misses you. Jessica misses you.
Found a meat ration.
The bat hits you but does no damage. The bat misses you.
You hit the rat.
You kill the rat!
The bat misses you. Jessica casts a spell at you.
Pain shoots through your body!
You die...

#.# #.# .. #.#
#.# .b#.# ..
#..#.#
#.##..#.#
..#..#.#
###.#..#.#
+†@.b..#.#
###....#.#
##.@##.#
#g.##.# ##g##.#
#)##.#
#######..#.####
#..........!..#
#....g...#.##.#


You could see 2 gnolls, Jessica and a bat.

Vanquished Creatures
  A gnoll (D:2)
  An ooze (D:1)
  A dart slug (D:1)
  A leopard gecko (D:1)
  A ball python (D:1)
  4 bats
  A giant cockroach (D:1)
  A goblin (D:1)
  A frilled lizard (D:2)
  3 kobolds (D:1)
  3 rats
18 creatures vanquished.

Notes
Turn   | Place    | Note
-------+----------+-------------------------------------------
     0 | D:1      | Ijustatesigmund the Octopode Assassin began the quest for the Orb.
     0 | D:1      | Reached XP level 1. HP: 14/14 MP: 1/1
    75 | D:1      | Reached XP level 2. HP: 8/19 MP: 2/2
  1048 | D:2      | Noticed Jessica
  1049 | D:2      | Reached skill level 6 in Stealth
  1062 | D:2      | Reached XP level 3. HP: 10/24 MP: 3/3
  1070 | D:2      | Killed from afar by Jessica

Vault maps used:
D:1:      saegor_arrival_simple_f, st_stairs_3, minmay_crystal_room
D:2:      chequers_ecumenical_altar_simple, uniq_jessica, uniq_natasha,
          uniq_robin

Skill      XL: |  1  2 |
---------------+-------+-----
Dodging        | 2 |  2.2
Stealth        | 6 |  6.1
Fighting       | |  2.0
Short Blades   | |  2.0
Throwing       | |  2.0

Action                   || total
-------------------------++-------
Melee: Dagger            ||    34
       Constrict         ||     8
       Tentacles         ||     6
  Use: Scroll            ||     3
       Potion            ||     2
 Stab: Sleeping          ||     8
Armor: Skin              ||     7
Dodge: Dodged            ||    31

Table legend:
 A = Spawn XP
 B = Non-spawn XP
 C = Spawn XP percentage of total XP
 D = Spawn monster count
 E = Non-spawn monster count
 F = Spawn count percentage of total count
 G = Total turns spent on level
                    A         B        C        D         E        F      G
               +---------+---------+-------+---------+---------+-------+---------
         Total |       0 |      47 |   0.0 |       0 |      18 |   0.0 |  1070
               +---------+---------+-------+---------+---------+-------+---------
           D:1 |       0 |      28 |   0.0 |       0 |      13 |   0.0 |  1002
           D:2 |       0 |      19 |   0.0 |       0 |       5 |   0.0 |    68
               +---------+---------+-------+---------+---------+-------+---------
